Map: Ice and Chrome LE

Players

Robbie (Rob)

  • Race: Protoss Protoss
  • League: Grandmaster
  • Spawn Location: 1:00

Asuna - Winner!

  • Race: Protoss Protoss
  • League: Master
  • Spawn Location: 7:00

Event: DreamHack SC2 Masters 2020 Fall

VOD

Have the link to the VOD?

Description

Time

  • Played on: Sept. 4, 2020, 4:55 p.m.
  • Length: 5:12

All games in this series

Show
View Real Time Build Order
Export as new Build Order

Robbie Protoss 

Build Orders: Dark Templar Rush 

Get SALT Encoding   

  12  0:00  Probe  
  13  0:12  Probe  
  14  0:21  Pylon  
  14  0:24  Probe  
  15  0:39  Probe (Chrono Boost)  
  15  0:40  Gateway  
  16  0:48  Assimilator, Probe (Chrono Boost)  
  17  0:53  Probe (Chrono Boost)  
  17  0:56  Assimilator  
  18  1:05  Probe  
  18  1:11  Gateway  
  19  1:17  Probe  
  20  1:29  Probe, Cybernetics Core  
  21  1:37  Pylon  
  21  1:41  Probe  
  22  1:54  Probe  
  23  2:04  Adept x2 (Chrono Boost)  
  23  2:05  Stargate  
  27  2:10  Probe  
  28  2:21  Pylon  
  28  2:31  Adept  
  30  2:39  Adept  
  32  2:51  Pylon  
  32  2:55  Probe  
  36  3:09  Adept  
  38  3:12  Adept  
  38  3:14  Probe  
  38  3:15  Twilight Council  
  35  3:24  Pylon  
  35  3:29  Pylon  
  35  3:42  Stalker x2  
  39  3:51  Dark Shrine  
  39  4:01  Probe  
  34  4:12  Stalker (Chrono Boost)  
  34  4:18  Stalker (Chrono Boost)  
  24  4:44  Probe  
  24  4:52  Pylon  
Show
View Real Time Build Order
Export as new Build Order

Asuna Protoss - Winner!

Build Orders:  

Get SALT Encoding   

  12  0:00  Probe  
  13  0:12  Probe  
  14  0:17  Pylon  
  14  0:24  Probe  
  15  0:36  Gateway, Probe (Chrono Boost)  
  16  0:46  Assimilator, Probe (Chrono Boost)  
  17  0:51  Probe (Chrono Boost)  
  17  0:54  Assimilator  
  18  1:03  Probe  
  19  1:07  Gateway  
  19  1:15  Probe (Chrono Boost)  
  20  1:24  Cybernetics Core, Probe (Chrono Boost)  
  21  1:29  Probe  
  22  1:35  Pylon  
  22  1:42  Probe  
  23  1:55  Probe  
  23  1:58  Warp Gate (Chrono Boost)  
  23  2:00  Stalker x2  
  28  2:13  Pylon  
  28  2:16  Pylon  
  28  2:23  Probe  
  29  2:31  Stalker  
  29  2:33  Stalker  
  33  2:55  Shield Battery  
  33  3:01  Stalker  
  33  3:02  Probe  
  33  3:03  Stalker  
  38  3:17  Probe  
  37  3:24  Nexus  
  37  3:29  Pylon  
  36  3:47  Probe  
  37  3:49  Stalker x2  
  41  4:05  Twilight Council  
  39  4:10  Probe  
  39  4:15  Stalker  
  40  4:21  Stalker  
  40  4:23  Probe  
  41  4:35  Probe  
  42  4:38  Robotics Facility  
  42  4:43  Stalker  
  42  4:47  Stalker  
  38  5:00  Gateway  
  36  5:09  Stalker  

Tags
 
Add a new tag
Caveats
  • Supply blocks, unpowered buildings, or Contaminate may cause inaccurate times.
  • Supply counts are checked every 10 seconds.